 Dungeon Crawl Stone Soup version 0.27.1-34-g3ba077fa99 (webtiles) character file.

Game seed: 8995129105197249695

41 ddubois the Skirmisher (level 3, -2/32 HPs)
             Began as a Palentonga Abyssal Knight on Jan 30, 2022.
             Was a Follower of Lugonu.
             Succumbed to a goblin's poison
             ... on level 1 of the Dungeon.
             The game lasted 00:02:47 (1965 turns).

ddubois the Skirmisher (Palentonga Abyssal Knight)  Turns: 1965, Time: 00:02:47

Health: -2/32      AC:  4    Str: 15    XL:     3   Next: 32%
Magic:  4/4        EV:  9    Int: 13    God:    Lugonu [*.....]
Gold:   65         SH:  0    Dex:  9    Spells: 2/2 levels left

rFire    . . .     SeeInvis +   a - +1 hand axe
rCold    . . .     Faith    .   (no shield)
rNeg     . . .     Spirit   .   b - +0 leather armour
rPois    .         Reflect  .   (no helmet)
rElec    .         Harm     .   (no cloak)
rCorr    .         Rampage  .   (no gloves)
Will     .....                  (no barding)
Stlth    +.........             (no amulet)
HPRegen  0.10/turn              (no ring)
MPRegen  0.09/turn              (no ring)

@: lethally poisoned (-2 -> -17)
A: large, rugged brown scales 3, see invisible, deformed body, roll 1, armoured
tail, [subdued magic 2]
a: Rolling Charge, Renounce Religion, Depart the Abyss


You were on level 1 of the Dungeon.
You worshipped Lugonu.
Lugonu was aware of your devotion.
You visited 1 branch of the dungeon, and saw 2 of its levels.
You visited the Abyss 1 time.

You collected 65 gold pieces.

Inventory:

Hand Weapons
 a - a +1 hand axe (weapon)
 f - a +0 long sword
 j - a +0 hunting sling
Missiles
 k - 70 stones
 o - 23 sling bullets
Armour
 b - a +0 leather armour (worn)
Jewellery
 m - a ring of flight
Scrolls
 c - 3 scrolls of identify {unknown}
 d - a scroll of amnesia {unknown}
 e - 2 scrolls of noise {unknown}
 g - 2 scrolls of acquirement {unknown}
 h - 2 scrolls of immolation {unknown}
 n - a scroll of fear {unknown}
Potions
 i - a potion of lignification {unknown}
 l - a potion of curing {unknown}


   Skills:
 + Level 3.7 Fighting
 - Level 2.0 Axes
 + Level 2.1 Armour
 + Level 1.4 Dodging
 - Level 2.0 Invocations


You had 2 spell levels left.
You didn't know any spells.
Your spell library contained the following spells:

 Spells                   Type           Power      Damage    Failure   Level
 Inner Flame              Hex/Fire       0%         N/A       67%         3
 Cause Fear               Hex            0%         N/A       97%         4
 Discord                  Hex            0%         N/A       100%        8


Dungeon Overview and Level Annotations

Branches:
Dungeon (2/15)

Altars:

Annotations:
D:2 Robin


Innate Abilities, Weirdness & Mutations

You are completely covered in rugged brown scales. (AC +3, +7% HP)
You have supernaturally acute eyesight. (SInv)
Armour fits poorly on your strangely shaped body.
You can roll at nearby foes to attack.
You have a long armoured tail.
[Your spells are easier to cast, but less powerful.]


Message History

You feel sick.
The goblin hits you with a +1 dagger of venom.
You are more poisoned.
The hobgoblin hits you but does no damage.
You feel very sick.
You feel very sick.
You feel very sick.
You feel sick.
You feel sick.
You feel sick.
You feel sick.
There is a faded altar of an unknown god here.
You feel sick.
The goblin unwields a +0 club.
The goblin wields a +0 hunting sling.
The goblin shoots a stone.
The stone hits you but does no damage.
You feel sick.
You feel sick.
You feel sick.
You are no longer poisoned.
The goblin shoots a stone.
The stone hits you but does no damage.
There is a stone staircase leading up here.
The goblin hits you but does no damage.
You are poisoned.
You climb upwards.
You feel sick.
There is a stone staircase leading down here.
You are too injured to fight recklessly!
You are too injured to fight recklessly!
You barely miss the goblin.
You feel sick. The goblin closely misses you.
You closely miss the goblin.
You feel sick. The goblin hits you but does no damage.
You are lethally poisoned!
The goblin hits you with a +1 dagger of venom.
* * * LOW HITPOINT WARNING * * *
You are more poisoned.
You hit the goblin.
You kill the goblin!
Lugonu accepts your kill.
* * * LOW HITPOINT WARNING * * *
You feel very sick.
You die...

#....###.........#...#........#
#.....##.........#...#........#
....#..#.###...###.############
....##.#.#####.###.#
#..........# #..##.#
...........####....#
...............##..#
............#####.#####
#...............@.#...##
...........##..>.......##
.....##.................#
.#.......###............#
..........##............#
....##....###..........##
##...###..###.........##
#†#.....###.......####
##.#####..##...#...#


There were no monsters in sight!

Vanquished Creatures
  An adder (D:2)
  A bat (D:2)
  4 endoplasms
  A giant cockroach (D:1)
  3 goblins (D:1)
  5 hobgoblins
  5 ball pythons
  3 frilled lizards
  3 kobolds
  3 rats (D:1)
29 creatures vanquished.

Vanquished Creatures (others)
  6 demonic plants (D:2)
  4 fungi (D:2)
  4 plants (D:2)
  5 withered plants (D:2)
19 creatures vanquished.

Grand Total: 48 creatures vanquished

Notes
Turn   | Place    | Note
-------+----------+-------------------------------------------
     0 | Abyss:1  | ddubois the Palentonga Abyssal Knight began the quest for
                  | the Orb.
     0 | Abyss:1  | Reached XP level 1. HP: 19/19 MP: 2/2
    44 | Abyss:1  | Noticed a large abomination
    63 | Abyss:1  | Noticed a smoke demon
    63 | Abyss:1  | Noticed a wretched star
    67 | D:1      | Escaped the Abyss
   461 | D:1      | Reached skill level 1 in Dodging
   461 | D:1      | Reached XP level 2. HP: 22/25 MP: 3/3
  1037 | D:2      | Reached * piety under Lugonu
  1227 | D:2      | Reached XP level 3. HP: 8/31 MP: 4/4
  1867 | D:2      | Found a faded altar of an unknown god.
  1893 | D:2      | Noticed Robin
  1964 | D:1      | HP: 1/32 [poisoned by a goblin]
  1965 | D:1      | Succumbed to a goblin's poison

Illustrated notes

Levels and vault maps discovered:
D:1:      onia_arrival_handbag, layout_rooms, minmay_hexomino_c4
D:2:      minmay_wonky_spiral, layout_loops_corners,
          shapermc_ecumenical_altar_gd, corexii_leaking_fountain, uniq_robin,
          uniq_jessica

Skill      XL: |  1  2 |
---------------+-------+-----
Dodging        | 1 |  1.4
Armour         | 2 |  2.1
Fighting       | |  3.7
Axes           | |  2.0
Invocations    | |  2.0

Action                   || total
-------------------------++-------
Melee: Hand axe          ||   105
       Tailslap          ||     6
Invok: Depart the Abyss  ||     1
Armor: Leather armour    ||    40
Dodge: Dodged            ||    44
